 Dungeon Crawl Stone Soup version 0.21.1-1-g345015fe64 (webtiles) character file.

11134 Loge the Cleaver (level 11, -2/150 HPs)
             Began as a Minotaur Berserker on July 12, 2018.
             Was a High Priest of Trog.
             Succumbed to a black mamba's poison
             ... on level 8 of the Dungeon.
             The game lasted 00:26:50 (9155 turns).

Loge the Cleaver (Minotaur Berserker)               Turns: 9155, Time: 00:26:51

Health: -2/150     AC: 22    Str: 28    XL:     11   Next: 45%
Magic:  10/10      EV: 12    Int:  7    God:    Trog [*****.]
Gold:   543        SH:  0    Dex: 12    Spells: 10/10 levels left

rFire    . . .     SeeInvis .   I - +4 battleaxe (freeze)
rCold    . . .     Gourm    .   (shield currently unavailable)
rNeg     . . .     Faith    .   M - +0 plate armour
rPois    .         Spirit   .   T - +0 hat {Int+3}
rElec    .         Reflect  .   W - +0 cloak
rCorr    .         Harm     +   C - +0 pair of gloves
MR       .....                  t - +1 pair of boots
Stlth    ..........             b - amulet of harm
HPRegen  0.35/turn              o - +3 ring of protection
MPRegen  0.12/turn              (no ring)

@: berserking (expiring), lethally poisoned (-2 -> -48), very quick
A: retaliatory headbutt, horns 2
a: Berserk, Trog's Hand, Brothers in Arms, Burn Spellbooks, Renounce Religion


You were on level 8 of the Dungeon.
You worshipped Trog.
Trog was extremely pleased with you.
You were hungry.

You visited 2 branches of the dungeon, and saw 9 of its levels.
You also visited: Ossuary.

You collected 543 gold pieces.

Inventory:

Hand Weapons
 u - a +0 shortbow
 E - a +0 hunting sling
 I - a +4 battleaxe of freezing (weapon)
Missiles
 d - 2 needles of confusion
 g - 162 arrows
 i - 311 stones (quivered)
 j - 124 bolts
 B - 56 sling bullets
 H - 2 tomahawks
 P - 6 needles of paralysis
 Q - 2 tomahawks of dispersal
 U - 21 poisoned needles
Armour
 t - a +1 pair of boots (worn)
 C - a +0 pair of gloves (worn)
 D - a +0 buckler
 M - a +0 plate armour (worn)
 T - a +0 hat of intelligence (worn)
 W - a +0 cloak (worn)
Jewellery
 b - an amulet of harm (around neck)
 o - a +3 ring of protection (left hand)
 q - an uncursed amulet of regeneration {unknown}
Wands
 L - a wand of iceblast (7)
 N - a wand of flame (13)
 R - a wand of random effects (33)
 X - a wand of acid (4)
Scrolls
 e - 3 scrolls of fog {unknown}
 k - 8 scrolls of remove curse
 m - 4 scrolls of enchant weapon {unknown}
 p - 2 scrolls of magic mapping
 r - 2 scrolls of amnesia {unknown}
 w - 2 scrolls of fear {unknown}
 y - 3 scrolls of enchant armour {unknown}
 A - 3 scrolls of noise {unknown}
 F - 8 scrolls of identify
 K - 3 scrolls of teleportation {unknown}
 O - a scroll of immolation {unknown}
 S - a scroll of summoning {unknown}
 V - a scroll of brand weapon {unknown}
Potions
 a - a potion of might {unknown}
 h - a potion of magic
 l - a potion of resistance
 s - 5 potions of curing
 v - 3 potions of agility
 x - 5 potions of flight
 z - 2 potions of heal wounds
 G - a potion of berserk rage {unknown}
 J - 2 potions of haste {unknown}
Books
 f - a book of Callings

   Spells                             Type                      Level
   a - Summon Small Mammal            Summoning                    1
   b - Call Imp                       Summoning                    2
   c - Call Canine Familiar           Summoning                    3
   d - Summon Guardian Golem          Hexes/Summoning              3
   e - Summon Lightning Spire         Summoning/Air                4
   f - Summon Ice Beast               Ice/Summoning                4
   Trog disapproves of the use of such an item.
Comestibles
 c - 21 rations
 n - 7 chunks of flesh


   Skills:
 + Level 10.2 Fighting
 * Level 13.5 Axes
 + Level 9.9 Armour
 + Level 9.1 Dodging
 - Level 4.3 Shields


You had 10 spell levels left.
You didn't know any spells.

Dungeon Overview and Level Annotations

Branches:
Dungeon (8/15)             Temple (0/1) D:5            Lair (1/6) D:8

Altars:
Dithmenos
Elyvilon
Gozag
Makhleb
Trog
Zin

Annotations:
D:7 exclusion: 2 downstairs


Innate Abilities, Weirdness & Mutations

You reflexively headbutt those who attack you in melee.
You have a pair of horns on your head.


Message History

* * * LOW HITPOINT WARNING * * *
You are more poisoned.
The black mamba poisons you!
You slice the spiny frog!!
The spiny frog seems to slow down.
You freeze the spiny frog!
You kill the spiny frog!
Trog accepts your kill.
You slice the black mamba!!
The black mamba seems to slow down.
You freeze the black mamba.
You kill the black mamba!
Trog accepts your kill.
* * * LOW HITPOINT WARNING * * *
You feel very sick.
You are too berserk!
There is a lethal amount of poison in your body!
* * * LOW HITPOINT WARNING * * *
You feel very sick.
You slice the plant!! You freeze the plant!
You destroy the plant!
You die...

...#.....#..###...###...........#
...#.....#..##P....##.....##....#
...#.....#..#PP.....#.....##....#
...#.....#..#PPPP...#...........#
...#.....#..#PPPP............)<.#
...#.....#..#PPPP...............#
...#.....#..#PP.P...............#
...#.....#..#P.†................#
...#.....#..#P†>@.P.......#####'#
...#.....#..#P....PP##....##....#
...#.....#..#PPPPPP.##....##....#
####.....#..##PPPPP##......#....#
...#.....############......#....#
...#....>#...##.....#......#....#
...#.....#..........#......#....#
...#.....#..........#......#....#
...#.....#..........#......#....#


There were no monsters in sight!

Vanquished Creatures
  Gastronok (D:8)
  5 two-headed ogres
  Pikel (D:5)
  Maurice (D:8)
  A black mamba (D:8)
  A spiny frog (D:8)
  A komodo dragon (D:8)
  A hippogriff (D:7)
  3 hogs (D:8)
  A yak (D:8)
  A human (D:8)
  2 orc warriors
  A sky beast (D:6)
  2 black bears (D:8)
  A phantom (D:8)
  2 necrophages
  An ogre (D:5)
  3 centaurs
  A big kobold (D:8)
  9 bullfrogs
  2 scorpions
  6 killer bees (D:7)
  6 wights
  4 electric eels (D:7)
  2 howler monkeys
  2 crimson imps (D:5)
  2 bullfrog zombies (D:5)
  2 centaur zombies
  A jelly (D:6)
  4 hounds
  4 bullfrog skeletons
  3 orc priests
  2 iguanas (D:7)
  6 orc wizards
  A centaur skeleton (D:8)
  4 worker ants
  A big kobold zombie (Ossuary)
  2 hound zombies (Ossuary)
  3 mummies (Ossuary)
  2 worker ant zombies
  Robin (D:4)
  11 gnolls
  A howler monkey skeleton (D:4)
  6 adders
  5 adder zombies
  4 worms
  A dart slug (D:1)
  4 leopard geckos
  18 orcs
  6 giant cockroaches
  2 gnoll zombies (Ossuary)
  15 goblins
  4 hobgoblins
  10 jackals
  15 kobolds
  4 quokkas
  2 ball pythons
  A ball python skeleton (D:4)
  8 bats
  5 frilled lizards
  A goblin zombie (Ossuary)
  5 hobgoblin zombies (Ossuary)
  5 jackal zombies (Ossuary)
  4 kobold zombies (Ossuary)
  2 leopard gecko skeletons
  A leopard gecko zombie (D:7)
  An orc zombie (Ossuary)
  2 quokka skeletons
  4 quokka zombies (Ossuary)
  6 rats
  A rat zombie (Ossuary)
  A plant (D:8)
254 creatures vanquished.

Vanquished Creatures (others)
  2 slaves (D:5)
  A crocodile (D:5)
  An adder (D:5)
  A shadow imp (D:5)
  An adder skeleton (D:5)
  A frilled lizard (D:5)
  5 plants (D:8)
12 creatures vanquished.

Grand Total: 266 creatures vanquished

Notes
Turn   | Place    | Note
-------+----------+-------------------------------------------
     0 | D:1      | Loge the Minotaur Berserker began the quest for the Orb.
     0 | D:1      | Reached XP level 1. HP: 19/19 MP: 0/0
   388 | D:1      | Reached XP level 2. HP: 26/27 MP: 1/1
   410 | D:1      | Reached skill level 4 in Axes
   770 | D:2      | Reached ** piety under Trog
   829 | D:2      | Reached XP level 3. HP: 30/33 MP: 2/2
  1630 | D:2      | Reached XP level 4. HP: 33/40 MP: 3/3
  1734 | D:2      | Reached skill level 5 in Axes
  2343 | D:3      | Reached XP level 5. HP: 38/47 MP: 4/4
  2889 | D:4      | Reached skill level 1 in Shields
  2909 | D:4      | Noticed Robin
  2941 | D:4      | Reached *** piety under Trog
  3017 | D:4      | Reached XP level 6. HP: 55/55 MP: 5/5
  3132 | D:4      | Found a burning altar of Makhleb.
  3505 | D:4      | Killed Robin
  3505 | D:4      | Reached skill level 5 in Fighting
  3505 | D:4      | Reached skill level 6 in Axes
  3794 | D:5      | Entered Level 5 of the Dungeon
  3816 | D:5      | Noticed Pikel
  3816 | D:5      | Noticed a slave
  3816 | D:5      | Noticed a slave
  3821 | D:5      | Noticed a slave
  3835 | D:5      | Killed Pikel
  3835 | D:5      | Reached skill level 7 in Axes
  3835 | D:5      | Reached XP level 7. HP: 60/61 MP: 6/6
  3844 | D:5      | Found a staircase to the Ecumenical Temple.
  3896 | D:5      | Reached skill level 5 in Armour
  3896 | D:5      | Reached XP level 8. HP: 70/70 MP: 7/7
  4099 | D:5      | Found an opulent altar of Gozag.
  4526 | D:5      | Found a glowing silver altar of Zin.
  4603 | D:5      | Reached skill level 8 in Axes
  4603 | D:5      | Reached skill level 5 in Dodging
  4812 | D:6      | Reached **** piety under Trog
  4944 | D:6      | Reached skill level 9 in Axes
  5308 | D:6      | Reached XP level 9. HP: 78/79 MP: 8/8
  5452 | D:6      | Found a shadowy altar of Dithmenos.
  5653 | D:6      | Found a white marble altar of Elyvilon.
  5905 | D:7      | Found a bloodstained altar of Trog.
  5929 | D:7      | Reached skill level 10 in Axes
  6341 | D:7      | Found a sand-covered staircase.
  6348 | Ossuary  | Entered an ossuary
  6616 | Ossuary  | Reached ***** piety under Trog
  7723 | D:8      | Noticed a two-headed ogre
  7723 | D:8      | Noticed a two-headed ogre
  7731 | D:7      | Killed a two-headed ogre
  7731 | D:7      | Reached skill level 11 in Axes
  7731 | D:7      | Reached XP level 10. HP: 60/90 MP: 9/9
  7849 | D:8      | Noticed a two-headed ogre
  8074 | D:8      | Noticed Gastronok
  8095 | D:8      | Killed Gastronok
  8095 | D:8      | Reached skill level 12 in Axes
  8246 | D:8      | Found a staircase to the Lair.
  8273 | D:8      | Killed a two-headed ogre
  8534 | D:8      | Killed a two-headed ogre
  8534 | D:8      | Reached XP level 11. HP: 99/99 MP: 10/10
  8545 | D:8      | Noticed a two-headed ogre
  8558 | D:8      | Noticed Maurice
  8559 | D:8      | Killed a two-headed ogre
  8618 | D:8      | Killed Maurice
  8618 | D:8      | Reached skill level 13 in Axes
  8769 | D:8      | Noticed a two-headed ogre
  8775 | D:8      | Killed a two-headed ogre
  8775 | D:8      | Reached skill level 10 in Fighting
  9131 | Lair:1   | Entered Level 1 of the Lair of Beasts
  9152 | D:8      | HP: 7/148 [black mamba (1)]
  9154 | D:8      | HP: 1/150 [poisoned by a black mamba]
  9155 | D:8      | Succumbed to a black mamba's poison

Skill      XL: |  1  2  3  4  5  6  7  8  9 10 11 |
---------------+----------------------------------+-----
Axes           | 4 5 7 9 11 12 13 | 13.5
Fighting       | 4 5 7 8 9 10 | 10.2
Armour         | 3 4 5 6 8 9 |  9.9
Dodging        | 3 4 5 7 8 9 |  9.1
Shields        | 1 4 |  4.3

Action                   |  1- 3 |  4- 6 |  7- 9 | 10-12 || total
-------------------------+-------+-------+-------+-------++-------
Melee: Hand axe          |    68 |   178 |   121 |       ||   367
       Headbutt          |     9 |    34 |    48 |    18 ||   109
       Battleaxe         |       |       |   149 |   103 ||   252
Invok: Berserk           |     1 |       |     2 |     2 ||     5
  Use: Scroll            |       |     6 |     4 |       ||    10
       Potion            |       |       |     1 |       ||     1
  Eat: Ration            |     1 |       |     1 |       ||     2
       Chunk             |       |     6 |    12 |     6 ||    24
Armor: Ring mail         |    19 |    38 |       |       ||    57
       Animal skin       |     2 |       |       |       ||     2
       Chain mail        |       |    24 |    59 |       ||    83
       Plate armour      |       |       |    71 |    83 ||   154
       Skin              |       |       |    51 |       ||    51
Dodge: Dodged            |    51 |    85 |   114 |    61 ||   311
Block: Buckler           |       |    21 |    22 |       ||    43
